 Dungeon Crawl Stone Soup version 0.27-a0-760-gc38aae387d (webtiles) character file.

Game seed: 3445768230331021633

38 robertstho the Chiller (level 3, -1/20 HPs)
             Began as a Deep Elf Ice Elementalist on Mar 24, 2021.
             Slain by a worm (9 damage)
             ... on level 2 of the Dungeon.
             The game lasted 00:02:33 (1599 turns).

robertstho the Chiller (Deep Elf Ice Elementalist)  Turns: 1599, Time: 00:02:35

Health: -1/20      AC:  3    Str:  4 (5)  XL:     3   Next: 25%
Magic:  8/9        EV: 12    Int: 19 (20) God:
Gold:   25         SH:  0    Dex: 13 (15) Spells: 7/8 levels left

rFire    x . .     SeeInvis .   c - +5 sword of Power {vorpal}
rCold    + . .     Faith    .   (shield currently unavailable)
rNeg     . . .     Spirit   .   a - +0 robe
rPois    .         Reflect  .   (no helmet)
rElec    .         Harm     .   (no cloak)
rCorr    .         Rampage  .   f - +0 pair of gloves
Will     .....                  (no boots)
Stlth    ++........             (no amulet)
HPRegen  0.06/turn              d - ring of ice
MPRegen  0.11/turn              (no ring)

@: no status effects
A: blurry vision 1, deterioration 1, robust 1, screaming 1
a: no special abilities


You were on level 2 of the Dungeon.
You visited 1 branch of the dungeon, and saw 2 of its levels.

You collected 25 gold pieces.

Inventory:

Hand Weapons
 b - a +3 dagger of venom
 c - the +5 sword of Power (weapon) {vorpal}
   (You acquired it on level 1 of the Dungeon)

   It inflicts extra damage upon your enemies.
Armour
 a - a +0 robe (worn)
 f - a +0 pair of gloves (worn)
Jewellery
 d - a ring of ice (right hand)
Scrolls
 e - a scroll of enchant weapon
 h - a scroll of teleportation {unknown}
 j - a scroll of identify {unknown}
Potions
 g - a potion of brilliance {unknown}
 i - a potion of curing


   Skills:
 + Level 0.2(0.3) Short Blades
 + Level 0.2(0.3) Long Blades
 + Level 2.4 Dodging
 + Level 2.4 Stealth
 * Level 3.1 Spellcasting
 * Level 5.5 Ice Magic


You had 7 spell levels left.
You knew the following spells:

 Your Spells              Type           Power      Damage    Failure   Level
a - Freeze                Ice            100%       1d11      1%          1

Your spell library contained the following spells:

 Spells                   Type           Power      Damage    Failure   Level
 Frozen Ramparts          Ice            70%        1d9       4%          3
 Ozocubu's Armour         Ice            35%        N/A       4%          3
 Hailstorm                Conj/Ice       20%        3d6       43%         4
 Summon Ice Beast         Ice/Summ       20%        N/A       43%         4


Dungeon Overview and Level Annotations

Branches:
Dungeon (2/15)

Altars:


Innate Abilities, Weirdness & Mutations

Scrolls take you a little longer to read.
Your body sometimes deteriorates upon taking damage.
You are robust. (+10% HP)
You occasionally shout uncontrollably at your foes.


Message History

HP restored.
e - a scroll of enchant weapon
Things that are here:
a +0 whip; 17 stones; a kobold corpse
Found a dagger.
h - a scroll labelled VALAON WAVO
j - a scroll labelled VUBACROAZI You now have 25 gold pieces (gained 6).
A worm comes into view.
A worm is nearby!
A worm is nearby!
A worm is nearby!
A worm is nearby!
A worm comes into view.
Found 11 gold pieces.
Found a stone staircase leading down.
Found an escape hatch in the floor.
The helpless worm fails to defend itself.
You hit the worm.
The worm is moderately wounded.
The worm bites you!
You slash the worm!
You kill the worm!
The worm barely misses you.
You riposte.
You hit the worm.
The worm is lightly wounded.
You hit the worm.
The worm is heavily wounded.
The worm bites you.
Your body deteriorates!
You feel clumsy.
You are too injured to fight recklessly!
You are too injured to fight recklessly!
You are too injured to fight recklessly!
Casting: Freeze (safe; 1% risk of failure)
Confirm with . or Enter, or press ? or * to list all spells.
Aiming: Freeze (safe; 1% risk of failure)
Press: ? - help, Shift-Dir - straight line, f - worm
Aim: a worm (heavily wounded)
You feel a surge of power!
You freeze the worm.
The worm is severely wounded.
The worm bites you!
You die...

###
#.........#
#.#
...#.........#
#.#
#.#.........#
#.#
#...........#
#
####.#.#######
..#.#.#
#.#.#.#
#.###'#.#.#
#...@.....#
......†w...###
...........#
...........#
..>$>...?..#
...........#
..###......#
.. #......#


You could see a worm.

Vanquished Creatures
  2 worms (D:2)
  A dart slug (D:1)
  A bat (D:2)
  An endoplasm (D:1)
  A giant cockroach (D:1)
  6 goblins
  2 hobgoblins (D:1)
  2 jackals (D:1)
  3 kobolds
  A quokka (D:2)
  2 ball pythons (D:1)
  5 rats
27 creatures vanquished.

Notes
Turn   | Place    | Note
-------+----------+-------------------------------------------
     0 | D:1      | robertstho the Deep Elf Ice Elementalist began the quest
                  | for the Orb.
     0 | D:1      | Reached XP level 1. HP: 10/10 MP: 6/6
   222 | D:1      | Reached XP level 2. HP: 6/15 MP: 2/8
   416 | D:1      | Reached skill level 5 in Ice Magic
   488 | D:1      | Gained mutation: Scrolls take you a little longer to read.
                  | [potion of mutation]
   488 | D:1      | Gained mutation: You occasionally shout uncontrollably at
                  | your foes. [potion of mutation]
   488 | D:1      | Gained mutation: Your body sometimes deteriorates upon
                  | taking damage. [potion of mutation]
   488 | D:1      | Gained mutation: You are robust. (+10% HP) [potion of
                  | mutation]
  1379 | D:1      | Identified a scroll of acquirement
  1379 | D:1      | Acquired the +5 sword of Power {vorpal}
  1379 | D:1      | Found the +5 sword of Power {vorpal}
  1453 | D:2      | Reached XP level 3. HP: 20/20 MP: 9/9
  1599 | D:2      | Slain by a worm

Illustrated notes

Levels and vault maps discovered:
D:1:      amcnicky_arrival_flooded_fountain, layout_rooms
D:2:      layout_basic, nicolae_qazlal_eye_of_the_storm

Skill      XL: |  1  2 |
---------------+-------+-----
Ice Magic      | 5 |  5.5
Short Blades   | |  0.2
Long Blades    | |  0.2
Dodging        | |  2.4
Stealth        | |  2.4
Spellcasting   | |  3.1

Action                   || total
-------------------------++-------
Melee: Dagger            ||    29
       Unarmed           ||     2
       Great sword       ||    11
 Cast: Freeze            ||    18
  Use: Scroll            ||     4
       Potion            ||     2
 Stab: Sleeping          ||     2
Armor: Robe              ||     2
Dodge: Dodged            ||    31
       Rpst.: Great sword ||     2

Table legend: (Time is in decaauts)
 A = Elapsed time spent in this place.
 B = Non-inter-level travel time spent in this place.
 C = Inter-level travel time spent in this place.
 D = Time resting spent in this place.
 E = Time spent auto-exploring this place.
 F = Levels seen in this place.
 G = Mean time per level.
                   A        B        C        D        E       F      G
               +--------+--------+--------+--------+--------+-----+--------+
         Total |   1601 |   1592 |      9 |    326 |   1050 |   2 |  800.5 |
       Dungeon |   1601 |   1592 |      9 |    326 |   1050 |   2 |  800.5 |
               +--------+--------+--------+--------+--------+-----+--------+

Top non-repeatable levels by time:
     D:1: 1385 daAuts
     D:2: 216 daAuts
